 Dungeon Crawl Stone Soup version 0.28-a0-863-g8cecda6153 (webtiles) character file.

Game seed: 7769726476978605664

29 mcbry74 the Cudgeller (level 3, -2/33 HPs)
             Began as a Troll Gladiator on Nov 18, 2021.
             Killed by divine providence
             ... invoked by an orc priest
              (12 damage)
             ... on level 2 of the Dungeon.
             The game lasted 00:01:43 (795 turns).

mcbry74 the Cudgeller (Troll Gladiator)              Turns: 795, Time: 00:01:44

Health: -2/33      AC:  4    Str: 23    XL:     3   Next: 1%
Magic:  2/2        EV: 25    Int:  4    God:
Gold:   37         SH:  0    Dex: 11    Spells: 2/2 levels left

rFire   . . .      SeeInvis .   a - +0 flail
rCold   + . .      Faith    .   (no shield)
rNeg    . . .      Spirit   .   b - +0 robe
rPois   .          Reflect  .   c - +0 hat
rElec   .          Harm     .   (no cloak)
rCorr   .          Rampage  .   (gloves unavailable)
Will    .....                   (boots unavailable)
Stlth   +.........              f - amulet of the acrobat
HPRegen 1.11/turn               j - ring of protection from cold
MPRegen 0.08/turn               (no ring)

@: acrobatic
A: large, unfitting armour, claws 3, regeneration 1, shaggy fur 1, tough skin 1
a: no special abilities


You were on level 2 of the Dungeon.
You visited 1 branch of the dungeon, and saw 2 of its levels.

You collected 37 gold pieces.

Inventory:

Hand Weapons
 a - a +0 flail (weapon)
Missiles
 d - 3 throwing nets (quivered)
 e - 17 poisoned darts
Armour
 b - a +0 robe (worn)
 c - a +0 hat (worn)
Jewellery
 f - an amulet of the acrobat (around neck)
 j - a ring of protection from cold (left claw)
Scrolls
 g - a scroll of teleportation {unknown}
 h - a scroll of noise {unknown}
 k - a scroll of acquirement {unknown}
 l - a scroll of identify {unknown}
Potions
 i - a potion of curing {unknown}


   Skills:
 - Level 1.5 Fighting
 + Level 3.8 Maces & Flails
 - Level 1.7 Throwing
 - Level 2.4 Dodging


You had 2 spell levels left.
You didn't know any spells.
Your spell library was empty.

Dungeon Overview and Level Annotations

Branches:
Dungeon (2/15)

Altars:

Annotations:
D:2 1 runed translucent door, Crazy Yiuf


Innate Abilities, Weirdness & Mutations

You are too large for most types of armour.
You have claws for hands.
Your natural rate of healing is unusually fast.
You are covered in fur. (AC +1)
You have tough skin. (AC +1)


Message History

You completely miss the goblin. The goblin barely misses you.
You closely miss the goblin. The goblin hits you but does no damage.
You closely miss the goblin. The goblin completely misses you.
You barely miss the goblin. The goblin hits you with a +0 dagger.
The goblin closely misses you.
You sock the goblin!
You kill the goblin!
You have reached level 3!
Your experience leads to an increase in your attributes!
Increase (S)trength, (I)ntelligence, or (D)exterity?
You feel stronger. x2
k - a scroll labelled YMNENTUESHRI You see here a +0 dagger.
Found a faded altar of an unknown god.
l - a scroll labelled WAUCSI HAZAMUHO
Found a mace.
Found a runed translucent door.
Crazy Yiuf shouts!
There is a dry fountain here.
Found a stone staircase leading down.
There is a stone staircase leading down here.
An orc comes into view. It is wielding a +0 hand axe.
Found 11 gold pieces.
The orc shouts!
You hear a shout!
The orc moves out of view.
An orc priest comes into view. It is wielding a +0 flail.
Found a fizzy purple potion.
The orc priest shouts!
You hear a shout!
An orc comes into view. It is wielding a +0 hand axe.
An orc comes into view. It is wielding a +0 club.
The orc priest mumbles some strange prayers to Beogh against you.
Beogh smites you!
The orc shouts!
You hit the orc.
The orc is moderately wounded.
The orc priest invokes the aid of Beogh against you.
Beogh smites you!
* * * LOW HITPOINT WARNING * * *
The orc priest invokes the aid of Beogh against you.
Beogh smites you!
You die...

#................####
##....................
................#.....#
..........^.....#.....#
.......................
#####...........#.....#
# #)..........#...... #
#.........#.## ### #
#.........#.@###..... #
#.........#....o..oo. #
#.........##.o##.$... #
#.........###.# ... #
########### #.# . ##
#.# .# ... .# ... ##
....


You could see an orc priest and 3 orcs.

Vanquished Creatures
  An adder (D:2)
  2 endoplasms
  A giant cockroach (D:1)
  3 goblins
  A quokka (D:2)
  5 bats
  A frilled lizard (D:1)
  2 kobolds (D:1)
  3 rats (D:1)
19 creatures vanquished.

Notes
Turn   | Place    | Note
-------+----------+-------------------------------------------
     0 | D:1      | mcbry74 the Troll Gladiator began the quest for the Orb.
     0 | D:1      | Reached XP level 1. HP: 19/19 MP: 0/0
    78 | D:1      | Reached skill level 3 in Maces & Flails
   195 | D:1      | Reached XP level 2. HP: 27/27 MP: 1/1
   699 | D:2      | Reached XP level 3. HP: 32/33 MP: 2/2
   703 | D:2      | Found a faded altar of an unknown god.
   734 | D:2      | Found a runed translucent door.
   735 | D:2      | Noticed Crazy Yiuf
   795 | D:2      | Killed from afar by an orc priest

Illustrated notes

Levels and vault maps discovered:
D:1:      lightli_iron_boxes, layout_basic
D:2:      layout_basic, hellmonk_ecumenical_altar_crossroads,
          uniq_crazy_yiuf_cottage

Skill      XL: |  1 |
---------------+----+-----
Maces & Flails | 3 |  3.8
Fighting       | |  1.5
Throwing       | |  1.7
Dodging        | |  2.4

Action                   || total
-------------------------++-------
Melee: Flail             ||    60
 Stab: Sleeping          ||     2
Armor: Robe              ||    25
Dodge: Dodged            ||    35

Table legend: (Time is in decaauts)
 A = Elapsed time spent in this place.
 B = Non-inter-level travel time spent in this place.
 C = Inter-level travel time spent in this place.
 D = Time resting spent in this place.
 E = Time spent auto-exploring this place.
 F = Levels seen in this place.
 G = Mean time per level.
                   A        B        C        D        E       F      G
               +--------+--------+--------+--------+--------+-----+--------+
         Total |    808 |    778 |     30 |      0 |    622 |   2 |  404.0 |
       Dungeon |    808 |    778 |     30 |      0 |    622 |   2 |  404.0 |
               +--------+--------+--------+--------+--------+-----+--------+

Top non-repeatable levels by time:
     D:1: 655 daAuts
     D:2: 153 daAuts
